Map: Ley Lines

Players

KimChiLoVer - Winner!

  • Race: Terran Terran
  • League: Diamond
  • Spawn Location: 1:00

A.I. 1 (Elite)

  • Race: Zerg Zerg
  • Spawn Location: 7:00

VOD

Have the link to the VOD?

Description

Time

  • Played on: Oct. 27, 2025, 7:25 p.m.
  • Length: 10:10
Show
View Real Time Build Order
Export as new Build Order

KimChiLoVer Terran - Winner!

Build Orders: Reaper Expand, Hellion Banshee 

Get SALT Encoding   

  12  0:01  SCV  
  13  0:13  SCV  
  14  0:17  Supply Depot  
  14  0:25  SCV  
  15  0:39  SCV  
  15  0:40  Barracks  
  16  0:45  Refinery  
  16  0:51  SCV  
  17  1:03  SCV  
  18  1:15  SCV  
  19  1:30  Orbital Command  
  19  1:31  Reaper  
  20  1:40  Command Center  
  20  1:49  Supply Depot  
  20  1:55  SCV  
  21  2:03  Marine  
  22  2:11  SCV, Factory  
  23  2:21  Refinery  
  23  2:23  SCV  
  23  2:24  Barracks Reactor  
  24  2:35  SCV  
  25  2:47  SCV  
  26  2:53  Supply Depot  
  26  2:54  Orbital Command  
  26  2:59  Starport  
  26  3:06  Hellion  
  26  3:07  Hellion  
  26  3:10  Barracks Tech Lab  
  30  3:15  Supply Depot  
  30  3:18  SCV  
  31  3:20  SCV  
  32  3:28  Hellion  
  32  3:30  SCV  
  32  3:31  Hellion  
  32  3:33  SCV  
  38  3:45  SCV, Banshee, Cloaking Field  
  42  3:50  Barracks Tech Lab  
  42  3:52  SCV  
  42  3:54  Hellion  
  45  3:57  SCV  
  45  3:58  Hellion  
  48  4:04  SCV  
  49  4:11  Marine, Stimpack  
  49  4:15  SCV  
  49  4:16  SCV  
  52  4:25  Command Center  
  52  4:27  SCV  
  52  4:31  Barracks  
  53  4:33  Banshee  
  53  4:35  Factory Reactor  
  56  4:38  Barracks  
  56  4:45  SCV  
  57  4:49  Engineering Bay x2  
  57  4:51  SCV  
  58  4:54  Refinery  
  58  4:55  Marine  
  58  4:57  SCV  
  58  4:59  Refinery  
  60  5:03  SCV  
  61  5:09  SCV  
  62  5:15  Supply Depot  
  62  5:16  Supply Depot  
  62  5:17  Terran Infantry Weapons Level 1  
  62  5:18  Terran Infantry Armor Level 1  
  62  5:29  Starport Reactor  
  62  5:32  Supply Depot  
  62  5:36  SCV x2, Marine x3, Siege Tank  
  62  5:39  Orbital Command  
  70  5:48  SCV, Armory  
  71  5:51  SCV  
  71  5:52  Supply Depot  
  72  6:00  SCV, Marine x4  
  72  6:03  SCV  
  78  6:05  Barracks  
  78  6:08  Barracks  
  78  6:14  Medivac x2  
  82  6:20  Marine x4  
  82  6:22  Marine  
  87  6:42  Marine  
  87  6:43  Marine x4  
  92  6:58  Marine  
  92  6:59  Barracks Reactor  
  92  7:00  Marine x2  
  92  7:01  Marine x3  
  95  7:16  Marine  
  95  7:18  SCV x2, Marine x2  
  95  7:20  Medivac x2  
  95  7:22  Orbital Command  
  105  7:23  Supply Depot x2  
  104  7:30  SCV  
  104  7:32  SCV  
  104  7:37  Siege Tank  
  109  7:38  Barracks Reactor  
  109  7:44  Marine x5  
  109  7:45  SCV x2  
  116  7:51  Marine  
  116  7:52  Marine  
  116  7:53  Supply Depot  
  116  7:57  SCV x2  
  120  8:00  SCV  
  120  8:01  Supply Depot  
  120  8:02  Marine x5, Supply Depot x2  
  120  8:03  Supply Depot  
  126  8:09  SCV x2, Marine x2  
  126  8:10  Supply Depot  
  131  8:12  SCV  
  131  8:13  Supply Depot  
  131  8:15  Marine x2  
  131  8:17  Siege Tank  
  131  8:18  Medivac  
  138  8:20  Marine x3  
  138  8:22  Medivac, Marine x2  
  138  8:23  SCV x2  
  138  8:25  SCV  
  148  8:27  Marine x2  
  148  8:33  Marine x2  
  152  8:38  Marine x3  
  152  8:40  Marine x2  
  157  8:45  Marine x2  
  157  8:46  Supply Depot  
  157  8:48  Supply Depot  
  159  8:49  Siege Tank  
  159  8:50  Marine  
  159  8:51  Marine  
  164  8:56  Marine x3  
  164  8:58  Marine x2  
  168  9:21  Siege Tank  
  155  9:25  Marine  
  155  9:26  Marine x8  
  154  9:43  Marine  
  154  9:44  Marine x8  
Show
View Real Time Build Order
Export as new Build Order

A.I. 1 (Elite) Zerg 

Build Orders: Pool First 

Get SALT Encoding   

  12  0:00  Drone  
  13  0:12  Overlord  
  13  0:17  Drone  
  14  0:30  Drone  
  14  0:31  Drone  
  16  0:42  Spawning Pool  
  15  0:44  Drone  
  15  0:48  Drone  
  17  1:10  Drone, Hatchery  
  17  1:14  Extractor  
  17  1:15  Drone  
  17  1:19  Drone  
  18  1:28  Drone  
  19  1:38  Overlord  
  19  1:47  Queen  
  19  1:49  Drone  
  22  2:00  Zergling x2  
  23  2:10  Drone  
  24  2:21  Drone  
  25  2:23  Queen  
  25  2:24  Roach Warren  
  26  2:30  Drone  
  26  2:35  Extractor  
  26  2:36  Drone  
  27  2:42  Overlord  
  27  2:46  Drone  
  27  2:49  Drone  
  29  2:53  Drone  
  29  2:55  Drone  
  31  3:04  Drone  
  31  3:05  Drone  
  32  3:07  Zergling x4  
  32  3:12  Roach  
  36  3:16  Roach  
  38  3:20  Roach  
  38  3:26  Roach  
  42  3:27  Drone  
  42  3:29  Drone  
  44  3:35  Overlord  
  43  3:44  Lair  
  43  3:49  Metabolic Boost  
  43  3:53  Zergling x2  
  43  3:54  Drone  
  45  3:57  Drone  
  45  3:59  Drone  
  45  4:02  Drone  
  48  4:03  Drone  
  48  4:06  Drone  
  48  4:08  Drone  
  51  4:13  Overlord  
  51  4:20  Drone, Evolution Chamber  
  51  4:25  Drone, Evolution Chamber  
  51  4:31  Drone x3  
  54  4:35  Drone  
  54  4:37  Drone  
  56  4:39  Drone  
  56  4:40  Drone  
  56  4:45  Infestation Pit  
  57  4:46  Drone  
  57  4:48  Zerg Missile Weapons Level 1  
  57  4:51  Zerg Ground Armor Level 1  
  58  4:54  Overlord  
  58  4:58  Overlord  
  59  5:00  Drone  
  59  5:12  Extractor  
  59  5:13  Drone x2, Roach  
  62  5:14  Hydralisk Den, Roach  
  62  5:16  Drone  
  62  5:18  Drone  
  62  5:19  Drone  
  66  5:22  Overlord  
  66  5:30  Infestor  
  66  5:32  Drone, Extractor  
  66  5:34  Drone x3  
  66  5:35  Roach  
  73  5:40  Overlord  
  73  5:41  Roach  
  75  5:43  Roach  
  75  5:44  Hydralisk  
  75  5:48  Hydralisk  
  81  5:51  Roach  
  83  5:59  Drone, Overlord  
  84  6:04  Drone  
  84  6:06  Infestor  
  87  6:12  Hatchery  
  87  6:13  Ravager  
  87  6:21  Overlord, Roach  
  87  6:25  Hydralisk  
  87  6:31  Hydralisk  
  87  6:32  Overseer  
  87  6:43  Drone, Infestor, Spine Crawler  
  89  6:50  Ravager  
  89  6:53  Roach  
  87  6:55  Roach  
  83  7:03  Infestor  
  83  7:04  Zergling x2  
  83  7:05  Drone, Spine Crawler  
  83  7:07  Hydralisk  
  85  7:11  Roach  
  85  7:17  Ravager  
  85  7:20  Roach  
  88  7:24  Drone x2, Queen  
  88  7:25  Drone x5  
  88  7:26  Drone x3, Ravager  
  101  7:30  Extractor  
  101  7:34  Drone  
  101  7:35  Overlord  
  101  7:36  Drone  
  102  7:39  Extractor  
  102  7:40  Hydralisk, Drone, Roach  
  102  7:43  Drone x2  
  102  7:44  Drone  
  109  7:45  Drone  
  109  7:46  Drone  
  109  7:47  Hydralisk  
  113  7:55  Overlord  
  113  7:56  Baneling Nest  
  113  7:57  Drone  
  113  7:59  Drone  
  114  8:06  Drone  
  114  8:08  Drone  
  114  8:09  Drone  
  114  8:11  Drone, Infestor  
  114  8:12  Zergling x2  
  121  8:15  Drone x2, Overlord  
  121  8:17  Drone  
  126  8:20  Roach  
  126  8:21  Infestor  
  128  8:28  Spore Crawler, Roach  
  128  8:31  Spore Crawler  
  128  8:33  Overlord, Roach  
  130  8:38  Drone  
  130  8:39  Baneling  
  130  8:40  Baneling  
  130  8:41  Baneling, Zergling x2  
  132  8:42  Baneling  
  132  8:43  Baneling, Zergling x2  
  132  8:45  Zergling x2, Baneling  
  134  8:51  Overlord  
  134  8:52  Spine Crawler  
  133  8:58  Zergling x6  
  133  9:02  Evolution Chamber, Baneling  
  135  9:04  Queen, Roach  
  135  9:05  Baneling x3, Zergling x4  
  135  9:07  Drone x2  
  135  9:08  Drone, Baneling x2, Zergling x2  
  132  9:10  Overlord  
  132  9:14  Drone  
  132  9:15  Zergling x6  
  132  9:16  Drone x3, Baneling  
  133  9:20  Drone x2  
  83  9:35  Overseer  
  83  9:38  Hatchery  
  64  9:50  Zergling x2  
Tags
 
Add a new tag
Caveats
  • Supply blocks, unpowered buildings, or Contaminate may cause inaccurate times.
  • Supply counts are checked every 10 seconds.